 Dungeon Crawl Stone Soup version 0.31.0-12-g77e489cdc1 (webtiles) character file.

Game seed: 7728062505362169799

30 Gadfly the Insei (level 3, 25/29 HPs)
             Began as a Demonspawn Monk on Feb 13, 2024.
             Quit the game on level 1 of the Dungeon.
             The game lasted 00:00:36 (513 turns).

Gadfly the Insei (Demonspawn Monk)                   Turns: 513, Time: 00:00:36

Health: 25/29      AC:  4    Str: 13    XL:     3   Next: 3%
Magic:  3/3        EV: 13    Int: 10    God:
Gold:   10         SH:  0    Dex: 15    Spells: 2/2 levels left

rFire   . .          .
                       - Unarmed
rCold   . . .        c - orb {light}
rNeg    . . .        a - +0 robe
rPois   .            (no helmet)
rElec   .            (no cloak)
rCorr   .            (no gloves)
SInv    .            (no boots)
Will    .....        (no amulet)
Stlth   +            (no ring)
HPRegen 0.24/turn    (no ring)
MPRegen 0.16/turn

%: no passive effects
@: glowing
A: thin metallic scales 1, magic regeneration
a: no special abilities


You were on level 1 of the Dungeon.
You visited 1 branch of the dungeon, and saw 1 of its levels.

You collected 10 gold pieces.

Inventory:

Armour
 a - a +0 robe (worn)
 c - an orb of light (worn)
Jewellery
 i - a ring of protection from cold
Scrolls
 d - a scroll of revelation {unknown}
 e - a scroll of teleportation {unknown}
 g - a scroll of brand weapon {unknown}
Potions
 b - a potion of ambrosia
 f - a potion of mutation {unknown}
 h - a potion of curing {unknown}


   Skills:
 - Level 3.0 Fighting
 + Level 2.9 Dodging
 * Level 3.1 Unarmed Combat
 * Level 1.1 Evocations
 * Level 1.0 Shapeshifting


You had 2 spell levels left.
You didn't know any spells.
Your spell library contained the following spells:

 Spells                   Type           Power      Damage    Failure   Level
 Static Discharge         Conj/Air       0%         3-3/arc   50%         2
 Airstrike                Air            0%         2d(0-16)  98%         4
 Summon Lightning Spire   Summ/Air       0%         N/A       98%         4


Dungeon Overview and Level Annotations

Branches:
Dungeon (1/15)

Altars:


Innate Abilities, Weirdness & Mutations

You are partially covered in thin metallic scales. (AC +2)
You regenerate magic rapidly.


Message History

You barely miss the hobgoblin. The hobgoblin closely misses you.
You hit the hobgoblin but do no damage. The hobgoblin hits you.
You hit the hobgoblin.
The hobgoblin is severely wounded.
The hobgoblin hits you but does no damage.
A hobgoblin is nearby!
A hobgoblin is nearby!
You hit the hobgoblin.
You kill the hobgoblin!
A frilled lizard comes into view.
You have reached level 3!
Your experience leads to an increase in your attributes!
Increase (S)trength, (I)ntelligence, or (D)exterity?
You feel stronger. x2; Your demonic ancestry asserts itself...
Your magic begins to regenerate rapidly.
The frilled lizard hisses angrily.
You see here a hobgoblin corpse.
A bat comes into view.
A goblin comes into view. It is wielding a +0 club.
The goblin shouts!
The bat misses you.
You see here 17 gold pieces.
You hit the frilled lizard.
You kill the frilled lizard!
The bat closely misses you.
A bat comes into view.
The bat barely misses you. x2
You hit the goblin but do no damage. The goblin misses you.
You barely miss the goblin. The bat hits you but does no damage.
The bat hits you.
The bat barely misses you. x2; The goblin misses you.
You hit the goblin but do no damage. The bat barely misses you.
The bat closely misses you. The bat barely misses you.
The goblin hits you but does no damage.
You hit the bat.
You kill the bat!
The bat hits you but does no damage. The bat closely misses you.
The goblin hits you with a +0 club.
You barely miss the goblin. The bat hits you but does no damage.
The goblin hits you but does no damage.
Are you sure you want to abandon this character and quit the game? (Confirm with "yes".)

## ### .. ... .# #
#. #.# #.#
#.##..#.# #.###
......#.##....#
......†...#..# #
......g@$b..###.#
.....#....#..#.#
############
##.##†...#
.........###
#.###.#.#
.####.##...## #.#
#.#[######
..##...###..# #.#
#........#
⌠.##.⌠.# ##.# ..#
###.####.#
..##...####.# ###
#.# #.#
.####.###...######
#.# #†#


You could see a goblin and a bat.

Vanquished Creatures
  2 bats (D:1)
  An endoplasm (D:1)
  A giant cockroach (D:1)
  5 goblins (D:1)
  A hobgoblin (D:1)
  6 jackals (D:1)
  4 kobolds (D:1)
  3 ball pythons (D:1)
  3 frilled lizards (D:1)
26 creatures vanquished.

Notes
Turn   | Place    | Note
-------+----------+-------------------------------------------
     0 | D:1      | Gadfly the Demonspawn Monk began the quest for the Orb.
     0 | D:1      | Reached XP level 1. HP: 18/18 MP: 1/1
   124 | D:1      | Gained mutation: You are partially covered in thin metallic
                  | scales. (AC +2) [demonic ancestry]
   124 | D:1      | Reached XP level 2. HP: 24/24 MP: 2/2
   226 | D:1      | Reached skill level 1 in Evocations
   475 | D:1      | Reached skill level 1 in Shapeshifting
   503 | D:1      | Gained mutation: You regenerate magic rapidly. [demonic
                  | ancestry]
   503 | D:1      | Reached XP level 3. HP: 27/29 MP: 3/3
   513 | D:1      | Quit the game

Illustrated notes

Levels and vault maps discovered:
D:1:      dpeg_arrival_chambers_temple_mockup, layout_loops_ring

Skill      XL: |  1  2 |
---------------+-------+-----
Evocations     | 1 |  1.1
Unarmed Combat | 3 |  3.1
Shapeshifting  | 1 |  1.0
Fighting       | |  3.0
Dodging        | |  2.9

Action                     || total
---------------------------++-------
  Melee: Unarmed           ||    70
 Armour: Robe              ||    36
  Dodge: Dodged            ||    48
